[Event "44th Chess Olympiad Open 2022"]
[Site "Chennai"]
[Date "2022.08.02"]
[Round "5.26"]
[White "Lungu, Nase"]
[Black "Hammer, Jon Ludvig"]
[Result "1/2-1/2"]
[WhiteElo "2216"]
[BlackElo "2638"]
[Annotator "TA"]
[PlyCount "79"]
[EventDate "2022.??.??"]
[TimeControl "60"]

1. c4 e5 2. g3 c6 3. Nf3 e4 4. Nd4 d5 5. cxd5 Qxd5 6. Nc2 Nf6 7. Bg2 Qh5 8. h3 Qg6 9. Nc3 {[%emt 0:00:
00] A20: English Opening: 1...e5.} Na6 10. O-O {[%emt 0:26:56]
[#]} Bc5 $146 {[%emt 0:11:55][%cal Yc8h3] And now ...Bxh3! would win.} ({
Predecessor:} 10... Bd6 11. d3 exd3 12. Ne1 Qh5 13. Nxd3 Bxh3 14. Bf4 Bxg2 15.
Kxg2 O-O-O 16. Qa4 Bxf4 17. Nxf4 {0-1 (49) Melkumyan,H (2655)-Izoria,Z (2602)
Chess.com INT 2022}) 11. d4 exd3 12. Qxd3 Qxd3 13. exd3 Be6 14. Bg5 O-O-O 15. Rfd1 Be7 16. d4 Nc7 {[%emt 0:00:
00][%cal Ya6c7,Yc7b5,Yb5c3] Against d5} 17. b4 h6 18. Bxf6 Bxf6 19. Ne4 Be7 20. Rdc1 Nb5 21. Nc5 Bxc5 22. dxc5 Nc3 23. Bf1 {[%emt 0:06:10] Inhibits Ne2+.} Rd2 (23... Bxa2 $2 24. Na3 $18) 24. Ne3 Rxa2 25. Kg2 {[%emt 0:05:58] [#]} Rd8 $1 26. Bc4 Bxc4 27.
Nxc4 {[%emt 0:00:07] [#]} Rxa1 $1 28. Rxa1 $17 {[%emt 0:00:34]
Endgame KRN-KRN} Nb5 29. Re1 Rd4 {[%emt 0:00:
16] Prevents Re4.} 30. Na5 Rxb4 {[%emt 0:01:11] White must
now prevent ...Ra4.} 31. Re7 Na3 $2 ({
Black should try} 31... Nd4 $17 {...Ne6 is the strong threat.} 32. Rxf7 Ne6)
32. Rxf7 $11 {[%emt 0:00:59] The position is equal.} Rb5 33.
Nxb7 Nc4 34. Nd6+ Nxd6 35. cxd6 {[%emt 0:00:14] KR-KR} Rb7 $1 36.
Rf8+ Kd7 37. Rf7+ Kc8 38. Rf8+ Kd7 39. Rf7+ Kc8 40. Rf8+ $1 {[%emt 0:00:15] And White is
the lucky defender. Weighted Error Value: White=0.11 (very precise) /Black=0.
09 (flawless)} 1/2-1/2

[Event "44th Chess Olympiad Open 2022"]
[Site "Chennai"]
[Date "2022.08.02"]
[Round "5.27"]
[White "Korobov, Anton"]
[Black "Kiik, Kalle"]
[Result "1-0"]
[WhiteElo "2692"]
[BlackElo "2365"]
[Annotator "TA"]
[PlyCount "113"]
[EventDate "2022.??.??"]
[TimeControl "60"]

1. d4 d6 2. Nf3 Nf6 3. c4 c6 4. Nc3 Bg4 5. e4 Nbd7 6. Be2 e5 7. O-O Be7 8. Be3 O-O 9. h3 {[%emt 0:03:30] A53: Old Indian Defence
without Nf3.} Bxf3 10. Bxf3 a5 11. Be2 (11. d5 $14) 11... Re8 {[%emt 0:04:35] [#]} (
11... exd4 $11 {remains equal.} 12. Bxd4 (12. Qxd4 Nc5 $14) 12... b6) 12. Qc2
$146 ({Predecessor:} 12. f4 Qc7 13. Bf3 Rad8 14. Re1 Nb6 15.
Qe2 Nc8 16. Qf2 b6 17. Kh1 Bf8 18. a3 {1-0 (31) Kleeschaetzky,R (2209)-Kunze,O
Guben 2003}) 12... Qc7 13. Rad1 {[%emt 0:00:54] White is more
active.} exd4 14. Bxd4 Nc5 15. f4 Nfd7 16. Bf3 Bf6 17. Bf2 Re7 (17... Bxc3 $5
18. bxc3 Re7 $11) 18. Ne2 Rae8 19. Ng3 {[%emt 0:00:09] Black must now prevent Nf5.} g6 {[%emt 0:01:35]
Prevents Nf5.} 20. Rfe1 h5 21. b3 Bg7 22. a3 Bh6 23.
b4 (23. f5 {feels hotter.} Ne5 24. Bxh5 gxh5 25. Nxh5 Ned7 26.
Bxc5 dxc5 27. Qc3) 23... axb4 24. axb4 Na6 25. Ne2 Nxb4 26. Qd2 Na6 27. Qxd6 Qxd6 28. Rxd6 Ndc5 29. e5 Bf8 30. Red1 Rc7 31. R6d2 (31. Rd8 $5 Rc8 32. Rxc8 Rxc8 33. f5 $14) 31... Ne6 32. f5 Ng5 33. Bg3 Rcc8 34. Nf4 Bc5+ 35. Kh2 Be3 (35... h4 $15 36. Bf2 (36. Bxh4 Nxf3+ 37.
gxf3 Be3 $17) 36... Bxf2 37. Rxf2 gxf5) 36. Rd3 $36 {[%emt 0:00:57] White is
more active.} Nxf3+ 37. gxf3 Bxf4 38. Bxf4 Nc5 {[%emt 0:00:24] ...g5 is the strong
threat.} 39. Rd6 Kh7 $2 {[%emt 0:01:09] [#] Loses the game.} (
{Better is} 39... Ra8 $1 $14) 40. Rg1 $1 $18 Rg8 41. Be3 Na6 42. Rf6 Rg7 {[%emt 0:11:08] [#]} 43. Rxf7 $3 Rxf7 44. fxg6+ Kg7 45. gxf7+ Kxf7 {[%emt 0:00:07] Endgame KRB-KRN} 46. f4 Ke6 47. Rg6+ Kf5 {[%emt 0:00:16] [#]} 48.
Rf6+ Ke4 49. Bb6 Kf3 (49... Re8 $142 50. e6 Nb4) 50. f5 Nb4 51. e6 {[%emt 0:00:00][%cal Ye5e6,Ye6e7] Strongly threatening
e7.} Ra8 52. e7 {[%emt 0:00:00] Threatens to win with Re6.}
Nd3 53. Re6 c5 {[%emt 0:02:58] [#]} 54. Bxc5
$1 Ra2+ 55. Kh1 Ra1+ 56. Bg1 Nf2+ 57. Kh2 {
[%emt 0:00:00] Weighted Error Value: White=0.07 (flawless) /Black=0.39} 1-0

[Event "44th Chess Olympiad Open 2022"]
[Site "Chennai"]
[Date "2022.08.02"]
[Round "5.27"]
[White "Kuzubov, Yuriy"]
[Black "Volodin, Aleksandr"]
[Result "1-0"]
[WhiteElo "2642"]
[BlackElo "2454"]
[Annotator "TA"]
[PlyCount "81"]
[EventDate "2022.??.??"]
[TimeControl "60"]

1. c4 e6 2. Nc3 d5 3. d4 Nf6 4. cxd5 exd5 5. Bg5 c6 6. e3 Be7 7. Bd3 Nbd7 8. Qc2 Nh5 9. Bxe7 Qxe7 10. Nge2 g6 11. O-O O-O 12. Rae1 Ndf6 13. Nc1 {
[%emt 0:00:31] D36: Queen's Gambit Declined: Exchange Variation: Main line (5
Bg5 c6 6 Qc2).} b6 {[%emt 0:03:55] Recently 13...Be6 got a lot of attention.}
14. f3 c5 {[%emt 0:02:49] Hoping for ...c4.} 15. Qf2 {[%emt 0:
00:00] The position is equal.} Bb7 {[%emt 0:07:40] [#]} 16. a3 $146 ({Predecessor:} 16. Rd1 cxd4 17. exd4 Nf4 18. Rfe1 Qd8 19. Bf1 Re8 20.
Rxe8+ Nxe8 21. Nd3 Nxd3 22. Bxd3 {½-½ (53) Grachev,B (2670)-Zubov,A (2607)
Jerusalem 2015}) 16... Rac8 17. Qh4 Rfe8 18. Kh1 Ng7 19. Bb5 Bc6 (19... Nf5 $5 20. Qf2 Bc6 $15) 20.
Ba6 {[%emt 0:14:11] And now e4 would win.} Nf5 21. Qf2 Rc7 (21... Rcd8 $1 $15 22. Nd1 h5)
22. e4 (22. Re2 $11) 22... dxe4 $17 23. fxe4 Ng4 $1 (23... Nxe4 24. Qf4 cxd4 25. Nxe4 Bxe4
26. Rxe4 $1 Qxe4 27. Qxc7 $16) (23... Bxe4 24. Bd3 Nd6 25. Qxf6 $16) 24. Qf4 {
[%emt 0:00:31] Black must now prevent d5.} cxd4 25. Nb5 {
[%emt 0:01:39] [#]} Rd7 26. Qxg4 {[%emt 0:02:57] Strongly
threatening Rxf5.} Ne3 (26... Bxe4 $17 27. Rg1 (27. Rxf5 $2
Bxf5 28. Rxe7 Rdxe7 $19) 27... Ne3) 27. Rxe3 $1 $11 dxe3 28. Nc3 h5 (28... b5 $11) 29.
Qf4 Bxe4 (29... b5 $11 {and Black has
nothing to worry.}) 30. Bb5 $36 {[%emt 0:00:44] Skewer. Keeping Black busy.}
Rd4 (30... Bb7 $142) 31. Kg1 {[%emt 0:00:18] The board is on
fire.} Red8 {[%emt 0:01:55][%cal Ye4g2] ...Bxg2! is the strong threat.} 32.
Qxe3 {[%emt 0:01:38] aiming for Nb3.} f5 {[%emt 0:01:18] [#]} 33. Bc6 ({White should try} 33. N1e2 $1 $18 R4d6 34. Ng3) 33...
Kg7 $16 34. Bxe4 fxe4 35. h3 (35. N1e2 $16 Rd3 36. Qxe4 Qxe4 37. Nxe4) 35...
a5 $2 (35... Rd2 $1 $11 {and Black stays safe.}) 36. N1e2 $18 Rd2 37. Nf4 ({Inferior is} 37. Nxe4 R8d3 38. Qf2 Rxb2 $11) ({Don't take} 
37. Qxb6 R8d6 38. Qxa5 Rxb2) 37... R8d4 (37... R2d6 38. Qxe4 (
38. Nxe4 Rd1 $18) 38... Qxe4 39. Nxe4 Rc6) 38. Qg3 Qd6 (38... Rd6 $142 39. Nxh5+ Kh8) 39. Qg5 {[%emt 0:00:16]
Intending Nxh5+ and mate.} Rxb2 40. Nxh5+ {[%emt 0:00:19]
Pair of Knights!} Kg8 41. Nf6+ {[%emt 0:30:30] Weighted Error
Value: White=0.21 (precise) /Black=0.60} 1-0

[Event "44th Chess Olympiad Open 2022"]
[Site "Chennai"]
[Date "2022.08.02"]
[Round "5.27"]
[White "Chukavin, Kirill"]
[Black "Volokitin, Andrei"]
[Result "1/2-1/2"]
[WhiteElo "2418"]
[BlackElo "2674"]
[Annotator "TA"]
[PlyCount "82"]
[EventDate "2022.??.??"]
[TimeControl "60"]

1. e4 c5 2. Nf3 d6 3. d4 cxd4 4. Nxd4 Nf6 5. Nc3 Nc6 6. Be2 e6 7. Be3 Be7 8. O-O O-O 9. f4 Bd7 10. Nb3 {[%emt 0:09:18] 10.Kh1 gains
popularity.} e5 {[%emt 0:05:42] B83: Sicilian Scheveningen: 6 Be2, lines
without ...a6.} 11. f5 a6 12. Bf3 b5 {[%emt 0:06:09] White has an edge.} 13. Qd2 {[%emt 0:06:29] [#]} a5
$146 ({Predecessor:} 13... b4 14. Ne2 a5 15. g4 h6 16. Rad1
Nh7 17. Ng3 Qc7 18. Nh5 Rfc8 19. Nc1 Bg5 {0-1 (37) Ojeda,J (2090)-Martinez
Romero,M (2429) Palmira 2019}) 14. a4 (14. Nxb5 a4 $15) 14...
bxa4 15. Nxa4 Rb8 16. Nc3 h6 17. Kh1 Re8 18. Nd5 (18. g4 $5 ) 18... Nxd5 19. exd5 (19. Qxd5 a4 20. Bh5 (20. Rxa4 Nb4 $17) 20...
Rf8 21. Rxa4 Nb4 22. Rxb4 Rxb4 $17) 19... Nd4 ({Don't take} 
19... Nb4 20. Nxa5 e4 21. Be2 $16 (21. Bxe4 Bf6 $15)) 20. Nxd4 exd4 21. Bxd4 {[%emt 0:00:06] Black must now prevent f6.} Bf6 (21... Bg5 $5 22. Qxa5 Qxa5 23. Rxa5 Bxf5 $11)
22. Bxf6 Qxf6 23. b3 ({
Don't play} 23. Rxa5 Rxb2 24. g4 h5 $11) 23... Rb4 24. Rxa5 Rd4 25. Qf2 {[%emt 0:00:29] Black should
prevent g4.} Bxf5 26. Ra4 (26. Raa1 $14)
26... Rxa4 $11 {[%emt 0:00:59] The position is equal.} 27. bxa4 Ra8 28. Be2 Bxc2 {[%emt 0:00:28] ...Qxf2
is the strong threat.} 29. Qxf6 gxf6 {[%emt 0:00:02] Endgame
KRB-KRB} 30. Bb5 Kg7 31. Bc6 Ra5 32. Kg1 f5 33. Kf2 Kf6 34. Ke3 Ke5 35. g3 Be4 36. Rd1 Rc5 37. Ra1 $1 Rc3+ 38. Kd2 Rc2+ 39. Ke3 Rc3+ 40. Kd2 Rc2+ 41. Ke3 Rc3+ {[%emt 0:24:59] Weighted Error Value: White=0.06 (flawless) /Black=0.03 
(flawless)} 1/2-1/2

[Event "44th Chess Olympiad Open 2022"]
[Site "Chennai"]
[Date "2022.08.02"]
[Round "5.27"]
[White "Shishkov, Andrei"]
[Black "Onyshchuk, Volodymyr"]
[Result "0-1"]
[WhiteElo "2366"]
[BlackElo "2612"]
[Annotator "TA"]
[PlyCount "106"]
[EventDate "2022.??.??"]
[TimeControl "60"]

1. d4 d6 2. e4 Nf6 3. f3 e5 4. dxe5 dxe5 5. Qxd8+ Kxd8 6. Bc4 Ke8 7. Be3 Nbd7 8. Nd2 Bc5 9. Nf1 {
[%emt 0:00:32] B07: Pirc Defence: Miscellaneous Systems.} Ke7 10. Ne2 {[%emt 0:05:05][%cal Yg1e2,Ye2c1,Yc1d3] [#]} (10. Rd1 {seems wilder.}
a5 11. Ne2 b6 12. Nc1) 10... Ne8 $146 ({Predecessor:} 10... c6
11. a4 a5 12. O-O-O Bxe3+ 13. Nxe3 Nc5 14. b3 Ne8 15. Rd2 Nd6 16. Rhd1 Rd8 {
1-0 (42) Hambleton,A (2454)-Kushko,D (2302) Chess.com INT 2022}) 11. a3 {
[%emt 0:25:22] The position is equal.} Nd6 12. Ba2 a5 13. Nc1 f6 14.
Nd3 Bxe3 15. Nxe3 c6 16. O-O-O Nf8 17. f4 Ng6 18. Rhe1 Rd8 19. f5 (19. g3 $5 ) 19... Nf8 20. Nc5 b6 21. Na4 Nd7
{[%emt 0:10:23] With the idea ...b5.} 22. Be6 Rb8 ({Don't take} 22... Nxe4 23. Nc4 b5 24. Rxe4 $14) 23. Bxd7 Bxd7 24. Nc3 b5 25. b4 Be8 26. Rd2 Nb7 27. Red1 Rxd2 28. Rxd2 Bf7 29. g4 h5 30. Rg2 hxg4 31. Nxg4 Ra8 32. Ne3 axb4 33. axb4 Ra1+ 34. Kb2 Re1 35. Re2 Rh1 36. Rg2 Nd6 {[%emt 0:00:47] ...Re1 is the strong threat.} 37. Rxg7 Re1 38. Ned1 Nxe4 39. Nxe4 Rxe4 $17 {[%emt 0:00:04] Endgame KRB-KRN} 40.
Kc3 Rc4+ 41. Kd2 Rxb4 {
[%emt 0:30:11] Strongly threatening ...Rf4.} 42. Ne3 $2 {[%emt 0:00:27] [#]} (
42. Rh7 {was forced.}) 42... Rd4+ 43. Ke2 Rh4
{[%emt 0:00:13] Against Rh7} 44. Rg2 b4 45. Kd2 c5 46. c3 b3 47. Kc1 Rh3 48. Re2 c4 49. Kb2 Bh5 {[%emt 0:00:00] Inhibits Ng4.} 50. Nd5+ Kd6 51. Rd2 Rd3 52. Rxd3 cxd3 53. Nxf6 Bf3 {[%emt 0:
00:00] Weighted Error Value: White=0.41/ Black=0.04 (flawless)} 0-1

[Event "44th Chess Olympiad Open 2022"]
[Site "Chennai"]
[Date "2022.08.02"]
[Round "5.28"]
[White "Erdos, Viktor"]
[Black "Guzman, Christopher"]
[Result "1-0"]
[WhiteElo "2586"]
[BlackElo "2243"]
[Annotator "TA"]
[PlyCount "103"]
[EventDate "2022.??.??"]
[TimeControl "60"]

1. d4 Nf6 2. c4 e6 3. Bf4 b6 4. a3 Bb7 5. Nc3 d5 (5... Nh5 $5 6. Bc1 Nf6 $11)
6. cxd5 {[%emt 0:00:09] A50: Queen's Fianchetto Defence (1 d4 Nf6 2 c4 b6).}
Nxd5 7. Nxd5 {[%emt 0:00:26] [#]} exd5 $146 (
{Predecessor:} 7... Qxd5 8. Nf3 c5 9. e3 Nd7 10. Rc1 Be7 11. Bc4 Qf5 12. Bb5
O-O-O 13. Qa4 e5 14. Nxe5 Nxe5 15. Bxe5 Bf6 16. dxc5 Rd1+ 17. Rxd1 Qxe5 18. c6
{1-0 (18) Yang,K (2481)-Potkin,V (2571) Chess.com INT 2022}) 8. Rc1 {[%emt 0:
00:00] The position is equal.} Bd6 (8... c5 {feels hotter.} 9.
dxc5 bxc5 10. e4 Be7) 9. Bxd6 Qxd6 10. Qc2 c6 11. e3 Qg6 12. Qd1 O-O 13. Nf3 Nd7 14. Bd3 Qd6 ({
Don't take} 14... Qxg2 {[#]} 15. Bxh7+ $1 (15. Rg1 Qh3 $16) 15... Kh8 16. Rg1
$16) 15. Qc2 h6 16. Bh7+ Kh8
{[%emt 0:00:14] [#] aiming for ...g6.} 17. Bf5 Rfc8 18. Ne5 Nxe5 19. dxe5 Qxe5 20. Bxc8 Rxc8 21. O-O c5 22. Rfe1 Qg5 23. f3 Rc6 24. Qf2 a5 25. b4 axb4 26. axb4 c4 27. Rcd1 Re6 {[%emt 0:00:00] Inhibits e4.} 28. Rd4 Qe7 29. Qd2 b5 30. Qc3 Kg8 31. Rg4 f6 32. Rd4 Kh8 33. Kf2 Ra6 34. Ra1 {[%emt 0:00:41] Against Ra2+} Rxa1 35. Qxa1 $16 {[%emt 0:00:35] Endgame KQR-KQB} Bc6 (35... Qxb4 $16 36. Qa7 Bc6) 36. Qc3 Qe5 37. h4 Kh7 38. Qa1 Qe7 39.
Qa5 Qb7 40. Rd2 Qb8 41. Qa1 Qd6 42. Qc3 Qe7 (42... Bd7 {
was necessary.}) 43. Ra2 $18 f5 44. Qd4 Qxb4 45. Ra7 Qf8 46. Rc7 Ba8 (
46... Be8 47. Qxd5 Qf6) 47. Qe5 f4 48. exf4 {
[%emt 0:00:00][%cal Ye3f4,Yf4f5] White mates.} b4 49. f5 Kh8 50. Qe6 Bb7 51. Rxb7 Qd8 52. Re7 {[%emt 0:00:34]
Weighted Error Value: White=0.06 (flawless) /Black=0.28 (precise)} 1-0

[Event "44th Chess Olympiad Open 2022"]
[Site "Chennai"]
[Date "2022.08.02"]
[Round "5.28"]
[White "Kantor, Gergely"]
[Black "Camacho Campusano, David Daniel"]
[Result "1/2-1/2"]
[WhiteElo "2582"]
[BlackElo "2221"]
[Annotator "TA"]
[PlyCount "65"]
[EventDate "2022.??.??"]
[TimeControl "60"]

1. d4 Nf6 2. c4 c5 3. d5 b5 4. cxb5 a6 5. e3 g6 6. Nc3 Bg7 7. a4 O-O 8. e4 e6 {[%emt 0:02:25] A57: Benko/
Volga Gambit.} 9. Bc4 axb5 10. Bxb5 Bb7 {[%emt 0:06:14] White is slightly better.} 11. Nge2 Na6 12. O-O exd5 13. exd5 Nb4 14. d6 {[%emt 0:07:17] [#]} Re8 $146 ({Predecessor:} 14... Qb6
15. Bf4 Bc6 16. Rc1 Nfd5 17. Qd2 Nxf4 18. Nxf4 Bxb5 19. axb5 Rfe8 20. h4 Bd4 {
1-0 (32) Carlsen,J (1486)-Ederer,K (2108) LSS email 2020}) 15. Bg5 h6 16. Bh4 Qb6 17. Qd2 Ne4 18. Nxe4 Rxe4 19. Bg3 Bc6 20. Nc3 (20. f3 $5 Ree8 21. Nc3 $14) 20... Rd4 21. Qe2 Nd5 22. Nxd5 Rxd5 {[%emt 0:00:00] The position is equal.} 23. Rfe1 Bxb5 24. axb5 Rb8 25. Qf3 Rf5 26. Qb3 Bd4 27. Re2 ({Reject} 27. Re7 c4 28. Qxc4 Bxf2+
29. Bxf2 Qxf2+ 30. Kh1 Qxb2 $15) 27... Kg7 28. h4 Qxb5 29. Qxb5 Rxb5 30.
Ra7 Rxb2 31. Rxb2 Bxb2 32. Rxd7 Be5 33. Bxe5+ {
[%emt 0:00:35] Weighted Error Value: White=0.08 (flawless) / Black=0.07 
(flawless)} 1/2-1/2

[Event "44th Chess Olympiad Open 2022"]
[Site "Chennai"]
[Date "2022.08.02"]
[Round "5.28"]
[White "Mazara Ruiz, Adan Manuel"]
[Black "Acs, Peter"]
[Result "0-1"]
[WhiteElo "2286"]
[BlackElo "2575"]
[Annotator "TA"]
[PlyCount "110"]
[EventDate "2022.??.??"]
[TimeControl "60"]

1. e4 c5 2. Nf3 d6 3. Bb5+ Nd7 4. c3 Ngf6 5. Qe2 a6 6. Ba4 Qc7 7. O-O {[%emt 0:02:49] B51: Sicilian: Moscow Variation (3 Bb5+)
without 3...Bd7.} c4 8. Bc2 g6 $5 {[%emt 0:
00:00] An interesting side line.} 9. a4 {[%emt 0:13:51] White is slightly
better.} Ne5 10. Nxe5 dxe5 {[%emt 0:00:00] 
[#]} 11. Na3 $146 ({Predecessor:} 11.
d4 cxd3 12. Bxd3 Be6 13. c4 Rc8 14. b3 Bg7 15. a5 O-O 16. Nc3 Nh5 17. g3 {
1-0 (49) Cvorovic,D (2435)-Grosar,A (2435) Solin 1994}) 11... Be6 12. d4 cxd3 13. Bxd3 Rc8 14. Nc2 h5 15. Nb4 h4 16. f4 (16. a5 $14) 16... Bg7 (16... Bh6 $15 17. f5 gxf5 18.
exf5 Qc5+ 19. Kh1 Bb3 20. Bxh6 Rxh6) 17. f5 $11 gxf5 18. exf5 Bd7 19. a5 h3 {[%emt 0:00:00] aiming for ...hxg2.} 20. g3 Bh6 $1 {
[%emt 0:11:50] Inhibits Bg5.} 21. Bxh6 Rxh6 22. Rae1 Qc5+ 23. Kh1 $1 Qxa5 24. Qxe5 Qd8 {
[%emt 0:01:47] [#]} (24... Qxe5 $11 25. Rxe5 Bc6+ 26. Nxc6 Rxc6) 25. Qf4 $2 (25. g4 $1 $18 {[%cal Rg4g5] and the rest is easy.} a5 26. g5
axb4 27. gxh6 Bc6+ 28. Kg1 Qb6+ 29. Qe3 Qxe3+ 30. Rxe3) 25... Rh8 {[%emt 0:05:
37] [#]} 26. Qe5 (26. g4 $1 $16 Rh4 27. Be2 (
27. Qg5 $2 Rxg4 28. Qxf6 Bc6+ 29. Nxc6 Qd5+ 30. Re4 Rxe4 $19)) 26... Kf8 27. Be4 Qc7 28. Qxc7 Rxc7 29. Nd5 Nxd5 30. Bxd5 Rh6 31. Kg1 Rb6 32. Rf2 Rb5 (32... Rc5
$15 33. Be4 Re5) 33. c4 Rb4 34. Re3 Bc6 35. Bxc6 Rxc6 $15 {[%emt 0:00:00]
Endgame KRR-KRR} 36. b3 a5 37. Rfe2 Rcb6 38. Re5 ({Of course not} 38.
Rxe7 Rxb3 39. c5 Rc6 $17) ({White should play} 38. Ra2 $1 $15) 38... Rxb3 $17 {
[%emt 0:00:00] And now ...a4 would win.} 39. Rxa5 Rf3 {
[%emt 0:00:00] ( -> ...Rb1+)} 40. Ra1 {[%emt 0:00:00] Against Rb1+} Rxf5 41. Rae1 e6 42. Rf1 (42. Re4 $17) 42... Rxf1+ $19 43. Kxf1 {[%emt 0:00:00]
KR-KR} Rb1+ 44. Kf2 Rc1 45.
Rb2 $2 (45. Re4) 45... Rxc4 46. Rxb7 Rc2+ 47. Kg1 Rc1+ 48. Kf2 Rh1 {[%emt 0:00:00] Black is clearly winning.}
49. g4 Rxh2+ 50. Kg3 Rh1 51. Rb4 Kg7 52. Ra4 Kf6 {[%emt 0:00:00] White must now prevent ...e5.} 53. Rf4+ Kg6 54. Re4 Kg5 ({
Stronger than} 54... h2 55. Kg2 Rc1 56. Kxh2 $17) 55. Re5+ Kf6
{[%emt 0:00:00] Quite a comeback for Black. Weighted Error Value: White=0.56/
Black=0.28 (precise)} 0-1

[Event "44th Chess Olympiad Open 2022"]
[Site "Chennai"]
[Date "2022.08.02"]
[Round "5.28"]
[White "Arvelo Leo, Gian Carlo"]
[Black "Berkes, Ferenc"]
[Result "0-1"]
[WhiteElo "2176"]
[BlackElo "2649"]
[Annotator "TA"]
[PlyCount "64"]
[EventDate "2022.??.??"]
[TimeControl "60"]

1. Nf3 {[%emt 0:00:05] ChessBase II
} d5 2. g3 g6 3. Bg2 Bg7 4. d4 Nf6 5. O-O O-O 6. c4 c6 7. cxd5 cxd5 8. Nc3 Nc6 9. Ne5 e6 10.
Nxc6 bxc6 11. Na4 Nd7 12. Bf4 Ba6 13. Qd2 {[%emt 0:
00:00] [#] D79: Fianchetto Grünfeld: Symmetrical Variation (6 0-0 c6 7 cxd5
cxd5).} Rc8 $146 ({Predecessor:} 13... Bb5 14. Nc3 Qb6 15.
Rfd1 Rfc8 16. Rac1 a5 17. Rc2 a4 18. Nxb5 cxb5 19. e3 h6 20. Rdc1 Rxc2 21. Rxc2
{½-½ (36) Mastrovasilis,D (2584)-Cmilyte,V (2526) Aix les Bains 2011 CBM 142
Extra [ChessBase II]}) 14. Rfe1 c5 15. Bd6 {
[%emt 0:23:31][%csl Yc5,Yf8] The position is equal.} Bxd4 16.
Bxf8 Qxf8 17. e3 Bg7 18. Qa5 Qd6 19. Rac1 c4 20. Bf1 (20. Red1 $5 ) 20... Qc6 {[%emt 0:10:45] Black has compensation.} (20... Ne5 $5 21. Be2 Qc6 $15) 21. b3 Ne5 22. Be2 {[%emt 0:01:09] [#] Against Nf3+} (22. Red1
$1 $11 {and White has nothing to worry.}) 22... Bb7 $1 $19 {[%emt 0:11:40]
[%cal Yd5d4] And now ...d4! would win.} 23. f3 d4 24. Rf1 d3 $36 {[%emt 0:05:50] Deflection. Black has
strong initiative.} ({But not} 24... dxe3 25. Qxa7 Rd8 26. Qxe3 $14) 25. Bxd3 (25. Bd1) 25... Nxf3+ {[%emt 0:00:00] Black is clearly winning.
} ({Stronger than} 25... Nxd3 26. Rxc4 Qe8 27. Nc5 Nxc5 28. Rxc5 $17) 26. Kf2 Nxh2 27. Rxc4 Qf3+ {[%emt 0:
01:48] [#] Deflection} 28. Ke1 Qxe3+ 29. Be2 Rxc4 30. Qd8+ Bf8 {[%emt 0:00:00] ( -> ...Rc1+)} 31. bxc4 Nxf1 32. Kxf1 Qxg3 {[%emt 0:00:27] Weighted Error Value:
White=0.81/Black=0.26 (precise)} 0-1

[Event "44th Chess Olympiad Open 2022"]
[Site "Chennai"]
[Date "2022.08.02"]
[Round "5.29"]
[White "Supi, Luis Paulo"]
[Black "Giron, Jorge Ernesto"]
[Result "1/2-1/2"]
[WhiteElo "2603"]
[BlackElo "2288"]
[Annotator "TA"]
[PlyCount "126"]
[EventDate "2022.??.??"]
[TimeControl "60"]

1. e4 c5 2. Nf3 d6 3. d4 cxd4 4. Nxd4 Nf6 5. Nc3 Bd7 6. f3 {[%emt 0:01:49] B56: Classical
Sicilian: Unusual Lines.} e5 7. Nb3 Be7 8. Be3 {[%emt 0:00:19] White is slightly better.} O-O 9. Be2 {[%emt 0:12:45] [#]} Be6 $146 ({Predecessor:} 
9... a5 10. a4 Be6 11. Nd2 Qc8 12. O-O Na6 13. f4 exf4 14. Bxf4 Nb4 15. Kh1 Rd8
{0-1 (56) Mamedov,N (2463)-Izoria,Z (2565) Baku 2002}) 10. Nd5 Nxd5 11. exd5 Bf5 12. Qd2 Nd7 13. O-O Bg6 14. Kh1 a5 15. a4 Nc5 16. Nxc5 dxc5 17. f4 exf4 18. Bxf4 Bd6 $1 19. c4 Re8 20. Bf3 Qc7 21. Bxd6 Qxd6 22. Rfe1 b6 23. g3 Kf8 24. Kg2 Rxe1 25. Rxe1 Re8 {[%emt 0:00:14] Against Qe2} 26. Re3 f6 27. Kf2 Rxe3 28. Qxe3 $11 {
[%emt 0:00:04] Endgame KQB-KQB} Bc2 29. Be4 Bxa4 30. Bxh7 Bd7 31. Bd3 Kf7 32. h4 f5 33. b3 Qf6 34. Be2 Qd6 35. Bh5+ g6 (35... Kf8 $1 $14
) 36. Be2 (36. Qh6 $16) 36... Qf6 37. Kf3 Qb2 38. h5 (38. Kf4 $5 ) 38... gxh5 39. Qh6 Qc3+ 40. Kg2 {[%emt 0:00:00] [#] Strongly threatening Qd6.} Qf6 {
[%emt 0:00:18] Prevents Qd6.} 41. Qxh5+ Ke7 42. Qh4 Kf7 43. Bh5+ Kg7 44. Qf4 {[%emt 0:00:00] [#] Hoping for Qc7.} Kf8 45. Qh4 Kg7 46. Qf4 Kf8 47. Kf2 Qb2+ 48. Be2 Ke7 {[%emt 0:00:00] Against Qd6+} 49. Qh4+ Kd6 50. Qd8 Qd4+ $1 51. Kg2 Qe4+ 52. Kf2 Qd4+ 53. Kf1 b5 54. cxb5 (54. Qxa5 $14 f4 55. Qd8) 54... Qxd5 {[%emt 0:00:00] The position is equal.}
55. Qb8+ Ke7 56. Qf4 Qxb3 57. Qc7 Qd5 58. b6 Qh1+ 59. Kf2 {[%emt 0:00:00] aiming for Qe5+.} Qh2+ (
59... Qc6 $2 60. Qe5+ Kd8 61. Qh8+ Be8 62. Bh5 Qxb6 63. Qxe8+ Kc7 64. Qf7+ Kd6
65. Qf8+ Kc7 66. Qxf5 $18) 60. Kf1 Qh1+ 61.
Kf2 {[%emt 0:00:00] Chess con chili.} Qh2+ (61... Qc6 $2 62.
Qe5+ Kd8 63. Qh8+ Be8 64. Bh5 Qxb6 65. Qxe8+ Kc7 66. Qf7+ Kd8 67. Qe8+ Kc7 68.
Qf7+ Kd6 69. Qg6+ Kc7 70. Qxf5 $18) 62. Kf1 Qh1+ 63. Kf2 {[%emt 0:00:00] Black must now prevent Qe5+.} Qh2+ {[%emt 0:00:00]
Weighted Error Value: White=0.09 (flawless) /Black=0.05 (flawless)} (63... Qc6
$2 64. Qe5+ Kd8 65. Qh8+ Be8 66. Qh4+ Kc8 67. Qe7 Qxb6 68. Qxe8+ Kc7 69. Qf7+
Kc6 70. Qg6+ Kc7 71. Qh7+ Kc6 72. Qg6+ Kc7 73. Qg7+ Kd6 74. Qg6+ Kc7 $18)
1/2-1/2

[Event "44th Chess Olympiad Open 2022"]
[Site "Chennai"]
[Date "2022.08.02"]
[Round "5.29"]
[White "Mekhitarian, Krikor Sevag"]
[Black "Arias, Lemnys A."]
[Result "1-0"]
[WhiteElo "2542"]
[BlackElo "2258"]
[Annotator "RC"]
[PlyCount "111"]
[EventDate "2022.??.??"]
[TimeControl "60"]

1. d4 d5 2. c4 c6 3. Nf3 Nf6 4. Nc3 a6 5. e3 g6 6. Be2 Bg7 7. O-O O-O 8. a4 a5 9. cxd5 Nxd5 10. e4 Nb4 11. h3 b6 12. Be3 Bb7 13. Qb3 Nd7 14. Rfd1 e6 15.
Rac1 Qe7 16. Na2 Rfc8 17. Nxb4 Qxb4 18. Qxb4 axb4 19. b3 Bf8 20. Nd2 c5 21. Nc4 Ba6 22. d5 exd5 23. exd5 Bxc4 24. Bxc4 Bd6 25. Bb5 Nf6 26. f3 Ra7 27. g4 Re7 28. Bf2 Kg7 29. Re1 Rd8 30. Bc6 g5 31. Rxe7 Bxe7 32. a5 bxa5 33. Bxc5 Bd6 34. Bb6 Rc8 35. Ra1 Bc7 36. Bxc7 Rxc7 37. Rxa5 Nd7 38. Rb5 Kf6 39. Rxb4 Ke5 40. Re4+ Kd6 41. b4 Ra7 42. Bxd7 Rxd7 43. Rd4 Ra7 44. Kf2 Ra3 45. Rc4 Rb3 46. Rc6+ Ke5 47. d6 Ke6 48. Rb6 h6 49. Rb7 f6 50. d7 Ke7 51. b5 Rd3 52. Ke2 Rb3 53. b6 Kd8 54. Kd2 Rxf3 55.
Ra7 Rb3 56. b7 1-0